[Event "*** Titled Tuesday 3|2 Blitz (Late)"]
[Site "Chess.com"]
[Date "2016.11.01"]
[Round "2"]
[White "theprosecution1"]
[Black "GMMelik"]
[Result "1/2-1/2"]
[WhiteElo "2498"]
[BlackElo "2367"]
[TimeControl "180+2"]
[EndTime "17:25:19 PDT"]
[Termination "Game drawn by repetition"]

1. e4 e5 2. Nf3 Nc6 3. Bb5 f5 4.
d3 fxe4 5. dxe4 Nf6 6. O-O Bc5 7.
Qe2 Nd4 8. Nxd4 Bxd4 9. a4 a6 10. Bc4 d6 11. Kh1 Qe7 12. Nd2 Be6 13. c3 Ba7 14. a5 O-O 15. f3 Kh8 16. Bxe6 Qxe6 17. Nc4 Nh5 18. b4 Nf4 19. Bxf4 Rxf4 20. Rab1 Raf8 21.
b5 Bc5 22. bxa6 bxa6 23. Nd2 Rh4 24. g3 Rh3 25. Rb7 Qh6 26. Qg2 c6 27. Nb3 Be3 28.
Na1 Rh5 29. Nc2 Bc5 30. Nb4 Qe6 31. Nxa6 Be3 32. Nb4 d5 33. a6 Ra8 34. Ra1 Rh6 35. a7 Qc8 36. Re7 Re6 37. Rxe6 Qxe6 38. Qe2 Rxa7 39.
Rxa7 Bxa7 40. Qa6 Bb8 41. Qa8 Qg8 42. Qxc6 d4 43. cxd4 exd4 44. Qd5 Qxd5 45. exd5 Bd6 46. Nd3 Kg8 47. f4 Kf7 48. Kg2 g5 49. Kf3 gxf4 50. gxf4 Kg6 51. Ke4 Kh5 52. Kxd4 Kg4 53. Ke4 h5 54. Nf2+ Kh4 55. Nd3 Kh3 56. f5 Kxh2 57.
f6 Kg3 58. Ne5 h4 59. Nc4 Bf8 60. d6 Bxd6 61. Nxd6 h3 62. f7 h2 63. f8=Q h1=Q+ 64. Ke5 Qa1+ 65. Ke6 Qa2+ 66. Ke7 Qa7+ 67. Kf6 Qd4+ 68.
Ke6 Qe3+ 69. Kd7 Qa7+ 70. Kc6 Qa6+ 71. Kd5 Qd3+ 72. Ke5 Qc3+ 73. Kd5 Qd3+ 74. Kc6 Qa6+ 75. Kc7 Qa5+ 76. Kd7 Qa7+ 77. Ke6 Qe3+ 78. Kf6 Qd4+ 79. Ke7 Qa7+ 80. Kd8 Qb6+ 81. Kc8 Qc5+ 82. Kb8 Qb4+ 83.
Kc7 Qc5+ 84. Kd7 Qa7+ 85. Ke6 Qe3+ 86. Kd5 Qd3+ 1/2-1/2

[Event "*** Titled Tuesday 3|2 Blitz (Late)"]
[Site "Chess.com"]
[Date "2016.11.01"]
[Round "2"]
[White "joppie2"]
[Black "Genghis_K"]
[Result "1/2-1/2"]
[WhiteElo "2536"]
[BlackElo "2684"]
[TimeControl "180+2"]
[EndTime "17:25:21 PDT"]
[Termination "Game drawn by repetition"]

1. e4 c5 2. Nc3 Nc6 3. Bb5 Nd4 4.
Nf3 a6 5. Bd3 Nxf3+ 6. Qxf3 e6 7.
b3 Bd6 8. Bb2 Be5 9. Qg4 h5 10.
Qe2 Ne7 11. g3 Nc6 12. f4 Bd4 13. O-O-O b5 14. e5 d5 15. exd6 Qxd6 16. Kb1 Bb7 17.
Ne4 Qe7 18. c3 Bf6 19. Qf2 c4 20. bxc4 bxc4 21. Bxc4 Na5 22. Bd3 Bxe4 23. Bxe4 Rb8 24. Ka1 Nc4 25. Rb1 O-O 26. d4 Rb6 27. Qe2 Qc7 28. Bc1 Rfb8 29. Rxb6 Nxb6 30. Qc2 Nc4 31.
Bd3 Nd6 32. Bb2 Rc8 33. Rc1 a5 34. c4 Rb8 35. c5 Nc8 36. Bc3 Ne7 37. Be4 Rd8 38. Rd1 g6 39. Qa4 Nd5 40. Bxa5 Qa7 41. Bxd5 exd5 42. c6 Ra8 43. c7 Qc5 44. Kb1 Qxc7 45.
Bxc7 Rxa4 46. Be5 Be7 47. Rd3 f6 48. Bc7 Rb4+ 49. Kc2 Rc4+ 50. Rc3 Rxd4 51. Bb6 Re4 52. Re3 Rc4+ 53. Kb2 Kf7 54. a3 Rc8 55. Bd4 Rc4 56.
Rd3 Ra4 57. Be3 Ke6 58. Bc1 Bc5 59. Kb3 Ra8 60. a4 Rb8+ 61. Kc2 Ra8 62. Kb3 Rb8+ 63. Kc2 d4 64. Bd2 Kd5 65. Rb3 Ra8 66. a5 Kc4 67.
Rb7 Re8 68. Rc7 d3+ 69. Kd1 Kb5 70. a6 Bb6 71. Rd7 Kxa6 72. Rxd3 Bc5 73. Bc3 f5 74. Rd7 Re6 75. Be5 Kb5 76. Ke2 Kc6 77. Rd1 Bd6 78. Rxd6+ Rxd6 79. Bxd6 Kxd6 80. Kd2 Kd5 81.
Kd3 Kc5 82. Kc3 Kd5 83. Kd3 Kc5 84. Kc3 Kd5 85. Kd3 Kc5 86. Kc3 1/2-1/2

[Event "*** Titled Tuesday 3|2 Blitz (Late)"]
[Site "Chess.com"]
[Date "2016.11.01"]
[Round "2"]
[White "MFBerna"]
[Black "kereswasbest"]
[Result "1/2-1/2"]
[WhiteElo "2175"]
[BlackElo "2127"]
[TimeControl "180+2"]
[EndTime "17:25:36 PDT"]
[Termination "Game drawn by repetition"]

1. e4 e6 2. d4 d5 3. Nc3 dxe4 4.
Nxe4 Nd7 5. Nf3 Ngf6 6. Nxf6+ Nxf6 7. Bd3 Be7 8. O-O O-O 9. Re1 b6 10. Ne5 Bb7 11. c3 c5 12. dxc5 Bxc5 13. Bg5 Be7 14. Qe2 Rc8 15. Rad1 Qc7 16. Bxf6 Bxf6 17. Nd7 Rfd8 18. Nxf6+ gxf6 19. Qh5 Kf8 20. Bxh7 Ke7 21. Be4 Bxe4 22. Rxe4 Rh8 23. Qf3 Qxh2+ 24. Kf1 Rhd8 25.
Red4 Rxd4 26. Rxd4 Rc7 27. Qa8 Qh1+ 28. Ke2 Qh5+ 29.
Kd2 Qh6+ 30. Kc2 Qf8 31. Qxf8+ Kxf8 32. Kd3 Rc5 33. Rd7 Ra5 34. a3 Kg7 35. Kc4 Kg6 36. Kb4 f5 37. a4 f4 38. b3 f6 39. Ka3 b5 40. Kb4 Ra6 41. axb5 Ra2 42. c4 e5 43. c5 e4 44. c6 Rxf2 45. Rxa7 Rxg2 46. c7 Rc2 47. b6 e3 48. b7 e2 49. c8=Q e1=Q+ 50. Kb5 Qe5+ 51. Ka6 Ra2+ 52. Kb6 Qd4+ 53. Qc5 Qd8+ 54.
Kb5 Qd7+ 55. Kb4 Qd2+ 56. Kb5 Qd3+ 57. Kb4 Qe4+ 58. Qc4 Qe7+ 59. Qc5 Qe1+ 60. Kb5 Qe2+ 61. Kb4 Qe4+ 62. Kb5 Qe8+ 63. Kb4 Rxa7 64. Qxa7 Qe1+ 65. Kb5 Qe2+ 66. Kc6 Qe6+ 67. Kb5 Qxb3+ 68. Kc6 Qe6+ 69. Kc7 Qe7+ 70. Kc8 Qe8+ 71. Kc7 Qe7+ 72. Kc6 Qe4+ 73. Kb5 Qb1+ 74. Kc4 Qc1+ 75. Kd3 Qd1+ 76. Ke4 f5+ 77. Kxf4 Qf1+ 78. Ke5 Qb5+ 79. Kd6 Qb4+ 80. Kd7 Qb5+ 81. Kc7 Qe5+ 82. Kd7 Qd5+ 83. Kc7 Qf7+ 84. Kc6 Qe6+ 85. Kb5 Qb3+ 86. Kc6 Qe6+ 87. Kc7 Qe7+ 88. Kc8 Qe8+ 89. Kc7 Qe7+ 90. Kc6 Qe6+ 91. Kb5 Qb3+ 92. Kc6 Qe6+ 1/2-1/2

[Event "*** Titled Tuesday 3|2 Blitz (Late)"]
[Site "Chess.com"]
[Date "2016.11.01"]
[Round "2"]
[White "Yaacovn"]
[Black "jcibarra"]
[Result "0-1"]
[WhiteElo "2563"]
[BlackElo "2691"]
[TimeControl "180+2"]
[EndTime "17:26:32 PDT"]
[Termination "jcibarra won by resignation"]

1. d4 Nf6 2. Nf3 c5 3. c3 g6 4. Bf4 Bg7 5. h3 O-O 6. e3 d6 7. dxc5 dxc5 8. Qxd8 Rxd8 9. Na3 Nc6 10. Bb5 Nd5 11.
Bxc6 Nxf4 12. exf4 bxc6 13. Nc4 Rb8 14. Rd1 Ba6 15.
Rxd8+ Rxd8 16. Nfd2 Bh6 17. g3 f6 18. h4 Rd5 19. b3 Rd3 20. Ne4 Bxc4 21. bxc4 f5 22. Nxc5 Rxc3 23. Kd2 Rxc4 24. Nd3 Ra4 25. Rc1 Rxa2+ 26.
Ke3 Ra6 27. Ne5 Bg7 28. Nxc6 Ra3+ 29. Ke2 Bf6 30. Rb1 Kf7 31. Rb7 a5 32. Ra7 a4 33.
Nd8+ Ke8 34. Ne6 Ra2+ 35. Kf1 a3 36. Kg2 Re2 37. Ra8+ Kf7 38. Nd8+ Ke8 39. Ne6+ Kd7 40. Nf8+ Kc6 41. Rxa3 Bd4 42. Rf3 h5 43. Nxg6 Bf6 44. Re3 Rxe3 45. fxe3 Kd5 46. Kf3 Ke6 47. Nf8+ Kd5 48.
Nh7 Bg7 49. Ng5 e6 50. Nf7 Bf6 51. Ng5 Bg7 52. Nh3 Bf6 53. Nf2 Bc3 54. Nd3 Ba5 55. Ne5 Bc7 56. Nd3 Kc4 57. Nf2 Bb6 58. Nh3 Kd5 59.
Ng5 e5 60. Nh7 e4+ 61. Kf2 Kc4 62. Ke2 Bd8 63. Nf8 Kd5 64. Nh7 Kc4 65. Ng5 Kd5 66.
Nh3 Bb6 67. Nf2 Kc4 68. Nh3 Kd5 69. Ng5 Bc5 70. Nf7 Be7 71. Ne5 Bd6 72. Nd7 Be7 73.
Nb6+ Kc5 74. Na4+ Kb4 75. Nb2 Kc3 76. Nd1+ Kc4 77. Kd2 Bb4+ 78. Ke2 Be7 79. Nf2 Bf6 80. Nh3 Be7 81. Ng5 Bf6 82. g4 hxg4 83. h5 g3 84.
h6 g2 85. Kf2 Kd3 86. Nh3 Kd2 87. h7 Bh8 88. Kxg2 Kxe3 89. Kg3 Kd2 90. Ng1 Ke3 91. Nh3 Bf6 92. Ng5 Kd2 93. Nh3 e3 94. Ng1 e2 95.
Nf3+ Kd1 96. Kf2 Bd4+ 97. Kg2 e1=Q 98. Nxe1 Kxe1 99. Kh3 Ke2 100. Kh4 Kf3 101. Kg5 Ke4 0-1

[Event "*** Titled Tuesday 3|2 Blitz (Late)"]
[Site "Chess.com"]
[Date "2016.11.01"]
[Round "2"]
[White "FairChess_on_YouTube"]
[Black "Nyzhnyk_Illia"]
[Result "1/2-1/2"]
[WhiteElo "2759"]
[BlackElo "2557"]
[TimeControl "180+2"]
[EndTime "17:29:09 PDT"]
[Termination "Game drawn by agreement"]

1. d4 d5 2. Nf3 Nf6 3. Bf4 Bf5 4.
e3 e6 5. c4 Bxb1 6. Rxb1 Bb4+ 7.
Ke2 dxc4 8. Qa4+ Nc6 9. Ne5 Bd6 10. Nxc6 Qd7 11. Bg5 Qxc6 12. Qxc6+ bxc6 13. Kf3 h6 14. Bxf6 gxf6 15. Bxc4 c5 16. d5 Ke7 17. dxe6 fxe6 18. Rhd1 a5 19. a4 Rab8 20. b3 f5 21. g3 Be5 22. Re1 Bc3 23. Re2 Rhf8 24. Kg2 Rbd8 25. Rc1 Bb4 26. f4 Rd2 27. Rxd2 Bxd2 28. Rd1 Rd8 29.
Kf3 Rd6 30. Ke2 Bb4 31. Bd3 Kf6 32. Rc1 h5 33. Rc4 Rd8 34. Rc2 Rd6 35. Rc1 Rd8 36.
Rg1 Rd7 37. h3 Rg7 38. Kf3 Rd7 39. Bc4 Rd2 40. g4 hxg4+ 41. hxg4 fxg4+ 42. Rxg4 e5 43. Rh4 exf4 44. exf4 Kg7 45. Rg4+ Kf6 46. Rh4 Kg7 47. Rh5 Rd6 48. Ke4 Rd4+ 49. Kf5 Bd2 50. Rh4 Bc1 51. Ke5 Bd2 52. Rg4+ Kh6 53. Kf5 Bc1 54. Bf7 Rd6 55.
Ke5 Bb2+ 56. Ke4 Rf6 57. Bc4 Rd6 58. Bd5 c6 59. Bc4 Bd4 60. Rg8 Rg6 61. Ra8 Bc3 62. Kd3 Bb4 63. Rc8 Rd6+ 64. Ke4 Bc3 65. Kf3 Kg7 66. Rc7+ Kf6 67. Kg4 Kg6 68. Be6 Kf6 69. Bc4 Kg6 70. Rc8 Kf6 71. Rf8+ Kg7 72. Rf7+ Kg6 73. Ra7 Kf6 74. Rf7+ Kg6 75. f5+ Kh6 76. Rc7 Rd4+ 77. Kf3 Kg5 78. Rxc6 Kxf5 79. Rxc5+ Kf6 80.
Ke3 Rd6 81. Rb5 Bb4 82. Ke4 Rd2 83. Rb6+ Ke7 84. Bb5 Rd6 85. Rb7+ Kf6 86. Bc4 Bc3 87. Rf7+ Kg6 88. Rf3 Bb4 89. Ke5 Kg7 90. Rf7+ Kg6 91. Rb7 Rd2 92. Bd5 Bc3+ 93. Ke6 Kg5 94. Rf7 Bb4 95. Bc4 Kg4 96. Ke5 Kg3 97. Ke4 Rd6 98.
Rb7 Bc3 99. Rb5 Kf2 100. Bd5 Ke2 101. Rb7 Kd2 102. Rh7 Kc2 103. Rh2+ Kb1 104. Bc4 Rd2 105. Rh5 Kb2 106. Rh3 Rd4+ 107. Kf5 Rd2 108. Ke6 Rd4 109. Bd5 Bb4 110. Rh2+ Rd2 111. Rh4 Ka3 112. Bc4 Rb2 113. Kd5 Rd2+ 114. Kc6 Rf2 115. Rh5 Rf6+ 116. Kb7 Rf2 117. Ka6 Rf6+ 118. Kb5 Rf3 119. Rg5 Rf6 120. Rg3 Rf5+ 121. Kc6 Rf4 122. Rh3 Rf5 123. Bd5 Rf6+ 124. Kb5 Rf4 125. Rh1 Kb2 126. Rh2+ Ka3 127. Bc4 Rf5+ 128. Kc6 Rg5 129. Kb6 Rf5 130. Rh6 Bc3 131. Ka6 Bb4 132. Rb6 Rg5 133. Bf7 Rg7 134. Bd5 Rd7 135. Bc4 Rg7 136. Rb5 Rg6+ 137. Kb7 Rf6 138. Rb6 Rxb6+ 139. Kxb6 1/2-1/2

[Event "*** Titled Tuesday 3|2 Blitz (Late)"]
[Site "Chess.com"]
[Date "2016.11.01"]
[Round "3"]
[White "nonscitis"]
[Black "fastestmindalive"]
[Result "0-1"]
[WhiteElo "2316"]
[BlackElo "2536"]
[TimeControl "180+2"]
[EndTime "17:33:31 PDT"]
[Termination "fastestmindalive won by resignation"]

1. e4 c5 2. Nf3 g6 3. d4 cxd4 4.
Nxd4 Nc6 5. Nc3 Bg7 6. Be3 Nf6 7. Bc4 O-O 8. Bb3 a5 9. O-O a4 10. Nxa4 Nxe4 11. Nb5 d5 12. Nb6 Ra5 13. Bxd5 Rxb5 14. Bxe4 Rxb2 15. Qxd8 Rxd8 16. Bxc6 bxc6 17. Nxc8 Rxc8 18.
a4 Ra8 19. a5 Rb5 20. a6 Bxa1 21. Rxa1 Rxa6 0-1

[Event "*** Titled Tuesday 3|2 Blitz (Late)"]
[Site "Chess.com"]
[Date "2016.11.01"]
[Round "3"]
[White "Fandorine"]
[Black "NTBT_DHS"]
[Result "1-0"]
[WhiteElo "2657"]
[BlackElo "2496"]
[TimeControl "180+2"]
[EndTime "17:34:03 PDT"]
[Termination "Fandorine won by resignation"]

1. e4 g6 2. d4 Bg7 3. Nc3 a6 4. a4 b6 5. h3 Bb7 6. g4 d6 7. Bg2 Nd7 8. Nge2 Ngf6 9. Be3 O-O 10.
O-O b5 11. e5 Bxg2 12. exf6 Bxf1 13. fxg7 Kxg7 14. Qxf1 b4 15. Nd5 a5 16. Bg5 f6 17.
Nef4 Kf7 18. Bh6 Re8 19. Qc4 e6 20. Nxc7 d5 21. Qc6 Rc8 22. Nfxe6 Qe7 23. Qxd5 g5 24. Nf8+ 1-0

[Event "*** Titled Tuesday 3|2 Blitz (Late)"]
[Site "Chess.com"]
[Date "2016.11.01"]
[Round "3"]
[White "Yaacovn"]
[Black "oskariot"]
[Result "1-0"]
[WhiteElo "2567"]
[BlackElo "2371"]
[TimeControl "180+2"]
[EndTime "17:34:50 PDT"]
[Termination "Yaacovn won by resignation"]

1. d4 Nf6 2. Nf3 c5 3. c3 g6 4. Bf4 Bg7 5. e3 O-O 6. Nbd2 b6 7. Be2 cxd4 8. exd4 Bb7 9. O-O d6 10. Re1 Nbd7 11.
h3 Re8 12. a4 Nh5 13. Bh2 a6 14. Nc4 Bh6 15. Nfd2 Ndf6 16. Bf3 Qd7 17. Nxb6 Bxf3 18. Nxf3 Qb7 19. Nxa8 Qxa8 20. Nd2 Nd5 21. Ne4 Ndf4 22.
Qf3 Qd5 23. g4 1-0

[Event "*** Titled Tuesday 3|2 Blitz (Late)"]
[Site "Chess.com"]
[Date "2016.11.01"]
[Round "3"]
[White "kereswasbest"]
[Black "Noukii"]
[Result "0-1"]
[WhiteElo "2126"]
[BlackElo "2655"]
[TimeControl "180+2"]
[EndTime "17:34:53 PDT"]
[Termination "Noukii won by resignation"]

1. d4 Nf6 2. c4 c6 3. Nc3 d5 4.
cxd5 cxd5 5. Bf4 Nc6 6. e3 Bg4 7. Qb3 Na5 8. Qa4+ Bd7 9. Qc2 Rc8 10. Bd3 e6 11. Nf3 b5 12. a3 Be7 13. O-O O-O 14.
Ne5 Nc4 15. Bg5 h6 16. Bh4 Nxe5 17. dxe5 Ng4 18. Bg3 Qc7 19. Qe2 Nxe5 20. Bxb5 Bd6 21. Rac1 Qb8 22. Bxe5 Bxb5 23. Nxb5 Bxe5 24. Rxc8 Rxc8 25.
f4 Bf6 26. g3 Rc4 27. b3 Rc5 28. Nd4 Rc3 29. Qa6 Rxe3 30. Nc6 Qxb3 31. Qxa7 Qxa3 32.
Qb8+ Kh7 33. Qe8 Qc5 0-1

[Event "*** Titled Tuesday 3|2 Blitz (Late)"]
[Site "Chess.com"]
[Date "2016.11.01"]
[Round "3"]
[White "pedromartinez91"]
[Black "jposthuma"]
[Result "1-0"]
[WhiteElo "2302"]
[BlackElo "2174"]
[TimeControl "180+2"]
[EndTime "17:35:43 PDT"]
[Termination "pedromartinez91 won by resignation"]

1. d4 Nf6 2. c4 c5 3. Nf3 cxd4 4.
Nxd4 e5 5. Nb5 d5 6. cxd5 Bc5 7.
N5c3 O-O 8. e3 e4 9. Be2 Bf5 10. a3 Nbd7 11. b4 Bd6 12. Bb2 Qe7 13. Nd2 Rfd8 14. Nc4 Ne5 15. Nxd6 Rxd6 16. Qd4 a5 17. O-O Nfg4 18. Bxg4 Nxg4 19. Nxe4 Rg6 20. Ng3 Bd7 21. h3 Nh6 22. e4 axb4 23. axb4 Rxa1 24.
Rxa1 f5 25. Ra8+ Kf7 26. e5 Be8 27. e6+ Kf8 28. b5 Kg8 29. Ba3 Qxa3 30. Rxa3 Bxb5 31. Ra8+ 1-0

[Event "*** Titled Tuesday 3|2 Blitz (Late)"]
[Site "Chess.com"]
[Date "2016.11.01"]
[Round "3"]
[White "ZEN-22"]
[Black "Jahonas"]
[Result "1-0"]
[WhiteElo "2205"]
[BlackElo "2160"]
[TimeControl "180+2"]
[EndTime "17:35:53 PDT"]
[Termination "ZEN-22 won by resignation"]

1. e3 e5 2. Ne2 Nc6 3. d4 exd4 4. Nxd4 d5 5. c4 dxc4 6. Nxc6 Qxd1+ 7. Kxd1 bxc6 8. Bxc4 Be6 9. Bxe6 fxe6 10. Kc2 O-O-O 11. Nd2 Nf6 12. Nc4 Bb4 13. a3 Be7 14. f3 g5 15.
e4 Nd7 16. Bd2 h5 17. Rad1 Rdg8 18. Bc3 Rh7 19. h3 Rf7 20. Na5 g4 21. hxg4 hxg4 22. Nxc6 Bd6 23. Nxa7+ Kb7 24. Nb5 gxf3 25. Rxd6 fxg2 26.
Rg1 Rf1 27. Rd1 Rxd1 28. Kxd1 Nc5 29. Ke2 Nxe4 30. Kf3 Ng5+ 31. Kxg2 Nf3+ 32. Kxf3 Rxg1 33. Ke4 Kc6 34. Nd4+ Kd7 35. Nf3 Rf1 36. Ne5+ Kd6 37. Bb4+ c5 38. Bc3 Rh1 39. Nc4+ Kc6 40. Kd3 Rh3+ 41.
Kc2 Kd5 42. Kb3 Rh5 43. a4 Rh7 44. a5 Rb7+ 45. Nb6+ Kc6 46. Kc4 Ra7 47. Na4 e5 48.
Nxc5 Re7 49. Ne4 Rh7 50. Bxe5 Rh4 51. Kd4 Kb5 52. Bc7 Rh3 53. Nc3+ Ka6 54. Kc4 Rh4+ 55.
Kb3 Rh5 56. Bb6 Rh4 57. Ka3 Rh3 58. Ka4 Rh4+ 59. b4 1-0

[Event "*** Titled Tuesday 3|2 Blitz (Late)"]
[Site "Chess.com"]
[Date "2016.11.01"]
[Round "3"]
[White "Zaven_ChessMood"]
[Black "Izoria123"]
[Result "1-0"]
[WhiteElo "2806"]
[BlackElo "2566"]
[TimeControl "180+2"]
[EndTime "17:36:06 PDT"]
[Termination "Zaven_ChessMood won by resignation"]

1. e4 c6 2. d4 d5 3. e5 Bf5 4. h4 h5 5. Bd3 Bxd3 6. Qxd3 e6 7.
Bg5 Be7 8. Nf3 c5 9. dxc5 Qa5+ 10. Nc3 Bxc5 11. O-O Nc6 12. a3 Be7 13. b4 Qd8 14. Nb5 Kf8 15. Rfe1 g6 16. Nd6 Nxe5 17. Nxe5 Qxd6 18.
Qf3 Rh7 19. Nxg6+ Ke8 20. Nxe7 Nxe7 21. c4 Rc8 22. cxd5 Qxd5 23. Qf6 Ng8 24. Qf4 f6 25. Bxf6 Rf7 26. Rad1 Rxf6 27. Qg3 Qf5 28. Qxg8+ Ke7 29. Qg7+ Rf7 30. Qd4 Rg8 31. Qd6+ Kf6 32. Rd3 Rg4 33. Rde3 Re7 34. Qd8 Kf7 35. g3 Rg8 36. Qd1 Kg7 37.
Re5 1-0

[Event "*** Titled Tuesday 3|2 Blitz (Late)"]
[Site "Chess.com"]
[Date "2016.11.01"]
[Round "3"]
[White "attack2mateU"]
[Black "AlexanderL"]
[Result "0-1"]
[WhiteElo "2433"]
[BlackElo "2553"]
[TimeControl "180+2"]
[EndTime "17:36:08 PDT"]
[Termination "AlexanderL won by resignation"]

1. d4 e6 2. Nf3 Nf6 3. Bg5 h6 4. Bh4 b6 5. e3 Bb7 6. Bd3 Be7 7. O-O O-O 8. c4 d5 9. Nc3 dxc4 10. Bxc4 Nbd7 11.
Qe2 a6 12. Rad1 Qc8 13. Ne5 b5 14. Bb3 c5 15. Nxd7 Qxd7 16. dxc5 Qc6 17. e4 Qxc5 18. e5 Nh7 19. Bxe7 Qxe7 20. Rd6 Rfd8 21. Rfd1 Rxd6 22. exd6 Qg5 23. f3 Rd8 24. Ne4 Qe5 25. Qd3 Bxe4 26. Qxe4 Qc5+ 27. Kf1 Rxd6 28. Rxd6 Qxd6 29. f4 Nf6 30. Qa8+ Kh7 31. Qf3 Qd2 32. Qf2 Qc1+ 0-1

[Event "*** Titled Tuesday 3|2 Blitz (Late)"]
[Site "Chess.com"]
[Date "2016.11.01"]
[Round "3"]
[White "Iball95"]
[Black "maciek_92"]
[Result "1-0"]
[WhiteElo "2489"]
[BlackElo "2545"]
[TimeControl "180+2"]
[EndTime "17:36:11 PDT"]
[Termination "Iball95 won by resignation"]

1. e4 c5 2. Nf3 e6 3. g3 Nc6 4. Bg2 Nf6 5. Qe2 d5 6. exd5 Nxd5 7. O-O Be7 8. Rd1 Nd4 9. Nxd4 cxd4 10. c4 Nf6 11. d3 O-O 12. Nd2 a5 13. Nf3 Qb6 14.
Bf4 a4 15. Rab1 Nd7 16. h4 f6 17. Nxd4 Qxd4 18. Qxe6+ Kh8 19. Qxe7 Ra5 20. Re1 g5 21.
hxg5 fxg5 22. Bd2 Qxf2+ 23. Kh2 Qxd2 24. Rf1 Rg8 25. Rf7 Qxd3 26. Be4 Qe2+ 27. Kg1 Qe3+ 28. Kh1 1-0

[Event "*** Titled Tuesday 3|2 Blitz (Late)"]
[Site "Chess.com"]
[Date "2016.11.01"]
[Round "3"]
[White "Abrito99"]
[Black "brightthunder"]
[Result "1-0"]
[WhiteElo "2368"]
[BlackElo "2543"]
[TimeControl "180+2"]
[EndTime "17:36:29 PDT"]
[Termination "Abrito99 won by resignation"]

1. e4 c5 2. d4 cxd4 3. c3 dxc3 4.
Nxc3 Nc6 5. Nf3 d6 6. Bc4 a6 7. O-O Nf6 8. Bf4 Bg4 9. h3 Bxf3 10. Qxf3 e6 11. Rfd1 Qb8 12. Be2 Be7 13. Qg3 O-O 14.
Rxd6 Bxd6 15. Bxd6 Qa7 16. Bxf8 Kxf8 17. Rd1 Qb6 18.
e5 Ng8 19. b3 Rd8 20. Rxd8+ Qxd8 21. Bf3 Nge7 22. Qh4 Qd2 23. Ne4 Qe1+ 24. Kh2 h6 25. Qg3 Qa1 26. Nc5 Nf5 27. Qf4 Qxe5 28. Nd7+ 1-0

[Event "*** Titled Tuesday 3|2 Blitz (Late)"]
[Site "Chess.com"]
[Date "2016.11.01"]
[Round "3"]
[White "Tarlev_Konstantin"]
[Black "swayamsm"]
[Result "1-0"]
[WhiteElo "2606"]
[BlackElo "2643"]
[TimeControl "180+2"]
[EndTime "17:36:31 PDT"]
[Termination "Tarlev_Konstantin won by resignation"]

1. c4 e6 2. Nf3 Nf6 3. g3 d5 4.
Bg2 dxc4 5. Qa4+ Nbd7 6. Qxc4 c5 7. O-O a6 8. Qc2 Bd6 9. a4 O-O 10. Na3 Nb6 11. e4 Be7 12. a5 Nbd7 13. Nc4 Ne8 14. Rd1 Nd6 15. d4 Nxc4 16. Qxc4 Qc7 17. Bf4 Bd6 18.
Bxd6 Qxd6 19. Rac1 cxd4 20. Rxd4 Qb8 21. Qc7 Nf6 22.
Ne5 Ne8 23. Qxb8 Rxb8 24. Rd8 Nf6 25. Rxf8+ Kxf8 26. Rc7 Kg8 27. h3 h5 28. Bf3 g5 29.
Rxf7 Nd7 30. Nxd7 Kxf7 31. Nxb8 h4 32. e5 Ke7 33. gxh4 gxh4 34. Kg2 Kd8 35. Be4 Kc7 36. Kf3 Kxb8 37. Kg4 1-0

[Event "*** Titled Tuesday 3|2 Blitz (Late)"]
[Site "Chess.com"]
[Date "2016.11.01"]
[Round "3"]
[White "theprosecution1"]
[Black "joppie2"]
[Result "1-0"]
[WhiteElo "2507"]
[BlackElo "2527"]
[TimeControl "180+2"]
[EndTime "17:36:38 PDT"]
[Termination "theprosecution1 won by resignation"]

1. e4 c6 2. d4 d5 3. e5 Bf5 4. h4 h6 5. g4 Bd7 6. h5 Qc7 7. f4 c5 8. c3 e6 9. Nf3 a6 10. Be3 Bb5 11. Kf2 Bxf1 12. Rxf1 Nd7 13. Kg3 Ne7 14. dxc5 Nxc5 15. Nbd2 Nc6 16. Kg2 Be7 17.
Qc2 b5 18. Rae1 Qb7 19. Kh2 Rc8 20. f5 Ne4 21. Nxe4 dxe4 22. Qxe4 Na5 23. Qxb7 Nxb7 24. Nd4 Nc5 25. Re2 O-O 26. f6 Bd8 27. g5 hxg5 28. Bxg5 gxf6 29. Bxf6 Bxf6 30. Rxf6 Rc7 31. Nf3 Kh8 32.
Rg2 Kh7 33. Ng5+ Kh8 34. Rh6+ Kg7 35. Rh7+ Kg8 36. h6 Rd7 37. Nxf7+ 1-0

[Event "*** Titled Tuesday 3|2 Blitz (Late)"]
[Site "Chess.com"]
[Date "2016.11.01"]
[Round "3"]
[White "wonderfultime"]
[Black "TheSovietChess"]
[Result "0-1"]
[WhiteElo "2702"]
[BlackElo "2534"]
[TimeControl "180+2"]
[EndTime "17:36:47 PDT"]
[Termination "TheSovietChess won by resignation"]

1. d4 Nf6 2. c4 g6 3. Nc3 d5 4.
cxd5 Nxd5 5. e4 Nxc3 6. bxc3 Bg7 7. Qa4+ Nd7 8. Nf3 O-O 9. Be2 c5 10. O-O Nb6 11. Qa3 cxd4 12. cxd4 Bg4 13. Bg5 Bxf3 14.
Bxf3 Qxd4 15. Qxe7 Qe5 16. Rac1 Qxe7 17. Bxe7 Rfc8 18.
Bg4 Re8 19. Rc7 Rab8 20. Bc5 h5 21. Bd1 Be5 22. Bxb6 axb6 23. Rc4 Rbd8 24. Rb4 Bd4 25. Bc2 Bc5 26. Rc4 Rd2 27. g3 Re2 28. Kg2 Rd8 29. Bd1 Rxa2 30. e5 Rdd2 31. Rf4 Rab2 32. h4 Bd4 33. e6 fxe6 34. g4 e5 35. Rf6 Kg7 36. Rd6 hxg4 37. Bxg4 e4 38. Rd7+ Kh6 39. Kh3 Bxf2 40. Rxb7 Rd3+ 41. Kh2 Bd4+ 42. Kh1 Rdd2 0-1

[Event "*** Titled Tuesday 3|2 Blitz (Late)"]
[Site "Chess.com"]
[Date "2016.11.01"]
[Round "3"]
[White "Nyzhnyk_Illia"]
[Black "Alexander_Moskalenko"]
[Result "0-1"]
[WhiteElo "2547"]
[BlackElo "2663"]
[TimeControl "180+2"]
[EndTime "17:37:05 PDT"]
[Termination "Alexander_Moskalenko won by resignation"]

1. d4 d5 2. Nf3 Bf5 3. c4 e6 4. Qb3 Nc6 5. e3 Nb4 6. Na3 Nf6 7. Bd2 a5 8. c5 c6 9. Ne5 Be7 10.
Bxb4 axb4 11. Qxb4 O-O 12. Be2 Nd7 13. Nxd7 Qxd7 14.
Qc3 Rfb8 15. O-O b6 16. cxb6 Rxb6 17. Nc2 Rc8 18. a4 c5 19. Bb5 Rxb5 20. axb5 cxd4 21. Ra7 Qe8 22. Rxe7 dxc3 23. Rxe8+ Rxe8 24. Na3 cxb2 25. f3 Rc8 26. Kf2 Rc1 27. b6 Bd3 28. Re1 Ba6 29.
Nb1 Kf8 30. f4 Ke7 0-1

[Event "*** Titled Tuesday 3|2 Blitz (Late)"]
[Site "Chess.com"]
[Date "2016.11.01"]
[Round "3"]
[White "GM_Barcenilla"]
[Black "popov_m"]
[Result "1-0"]
[WhiteElo "2685"]
[BlackElo "2276"]
[TimeControl "180+2"]
[EndTime "17:37:11 PDT"]
[Termination "GM_Barcenilla won by resignation"]

1. c4 Nf6 2. g3 g6 3. Nc3 Bg7 4. e4 d6 5. Bg2 O-O 6. Nge2 c5 7. d3 Nc6 8. O-O a6 9. h3 Rb8 10. a4 Ne8 11. Be3 Nc7 12. d4 cxd4 13. Nxd4 Ne6 14. Nde2 Bd7 15. Rb1 Nb4 16. Qd2 b5 17. axb5 axb5 18.
Nxb5 Bxb5 19. cxb5 Rxb5 20. Nc3 Rb8 21. Nd5 Nxd5 22.
exd5 Nc7 23. b4 Nb5 24. Rbc1 Re8 25. Rc6 Qd7 26. Rfc1 Rb7 27. Bf1 Reb8 28. h4 h5 29. Kh2 Qf5 30. Bh3 Qe4 31. Bc8 Rxc8 32. Rxc8+ Kh7 33. R1c4 Qe5 34. R8c6 Qa1 35. Rb6 Rxb6 36.
Bxb6 Qf1 37. Rc1 1-0

[Event "*** Titled Tuesday 3|2 Blitz (Late)"]
[Site "Chess.com"]
[Date "2016.11.01"]
[Round "3"]
[White "g2_g3"]
[Black "chito89"]
[Result "0-1"]
[WhiteElo "1848"]
[BlackElo "2482"]
[TimeControl "180+2"]
[EndTime "17:37:12 PDT"]
[Termination "chito89 won by checkmate"]

1. d4 Nf6 2. Nf3 e6 3. e3 b6 4. Bd3 Bb7 5. Nbd2 g6 6. e4 d6 7.
O-O Bg7 8. Qe2 O-O 9. c3 c5 10. e5 dxe5 11. dxe5 Nd5 12. Ne4 Nd7 13. Bg5 Qc7 14.
c4 Nb4 15. Nf6+ Bxf6 16. exf6 Rfd8 17. Be4 Nc6 18. Qe3 Nd4 19. Bxb7 Qxb7 20. Nxd4 cxd4 21.
Qxd4 Nc5 22. Qh4 h5 23. f3 e5 24. Rad1 Qc7 25. Be3 Ne6 26. b3 Rxd1 27. Rxd1 Rd8 28. Rd5 Nf8 29. Qg5 Rxd5 30. cxd5 Qc3 31. Qh6 Qe1# 0-1

[Event "*** Titled Tuesday 3|2 Blitz (Late)"]
[Site "Chess.com"]
[Date "2016.11.01"]
[Round "3"]
[White "uzbektiger95"]
[Black "dretch"]
[Result "1-0"]
[WhiteElo "2605"]
[BlackElo "2625"]
[TimeControl "180+2"]
[EndTime "17:37:17 PDT"]
[Termination "uzbektiger95 won by checkmate"]

1. c4 c6 2. Nc3 d5 3. d4 dxc4 4.
e3 b5 5. a4 b4 6. Ne4 Qd5 7.
Nd2 c3 8. bxc3 bxc3 9. Nb1 Qa5 10.
Qc2 Na6 11. Ba3 Nb4 12. Bxb4 Qxb4 13. Nxc3 Bf5 14. Bd3 Bxd3 15. Qxd3 Nf6 16. Ne2 e6 17. O-O Be7 18. a5 O-O 19. Rfb1 Qd6 20. Qc4 Rfb8 21. Nf4 Nd5 22. Nd3 Nxc3 23. Qxc3 Rb5 24. Rc1 Rc8 25.
Qc4 Qb8 26. g3 Bd6 27. e4 g6 28. Kg2 Qb7 29. Rc2 a6 30. Raa2 Qc7 31. h4 Rxa5 32. Rxa5 Qxa5 33. Rb2 Kg7 34. Rb7 Rc7 35. Rb1 Qd2 36.
Rb2 Qa5 37. Ra2 Qb5 38. Qc3 Kg8 39. Rb2 Qh5 40. Rb8+ Kg7 41. e5 Be7 42. Nc5 Qf5 43. Qa5 Bxc5 44. Qxc5 Kh6 45. Qf8+ Kh5 46. Qg7 Qe4+ 47. Kh2 Kg4 48. Rb3 Qc2 49. Qf6 h6 50.
Qf4+ Kh5 51. g4+ Kxh4 52. Rh3# 1-0